 Seeded DCSS version 0.31-a0-210-gccc998df9b (webtiles) character file.

Game seed: 11342892107059164510 (custom seed)

125 innerfire43 the Ducker (level 4, -1/37 HPs)
             Began as a Demonspawn Monk on June 29, 2023.
             Slain by a gnoll
             ... wielding a +0 spear
             ... led by a gnoll bouda
              (3 damage)
             ... on level 2 of the Dungeon.
             The game lasted 00:01:54 (1517 turns).

innerfire43 the Ducker (Demonspawn Monk)            Turns: 1517, Time: 00:01:54

Health: -1/37      AC:  9    Str: 13    XL:     4   Next: 82%
Magic:  4/4        EV: 13    Int: 12    God:
Gold:   80         SH:  0    Dex: 15    Spells: 3/3 levels left

rFire   . . .        a - +0 hand axe
rCold   . . .        d - orb {light}
rNeg    . . .        b - +0 robe
rPois   .            (no helmet)
rElec   .            (no cloak)
rCorr   .            (no gloves)
SInv    .            (no boots)
Will    .....        f - amulet of the acrobat
Stlth   +            h - +4 ring of protection
HPRegen 0.26/turn    (no ring)
MPRegen 0.09/turn

%: acrobat
@: glowing
A: molten scales 2, weakness stinger 1
a: no special abilities


You were on level 2 of the Dungeon.
You visited 1 branch of the dungeon, and saw 2 of its levels.

You collected 80 gold pieces.

Inventory:

Hand Weapons
 a - a +0 hand axe (weapon)
Armour
 b - a +0 robe (worn)
 d - an orb of light (worn)
Jewellery
 f - an amulet of the acrobat (around neck)
 h - a +4 ring of protection (left hand)
Scrolls
 e - a scroll of revelation {unknown}
 g - a scroll of identify {unknown}
 i - 2 scrolls of noise {unknown}
 j - a scroll of vulnerability {unknown}
 l - a scroll of brand weapon {unknown}
 m - a scroll of enchant armour {unknown}
 n - a scroll of fog {unknown}


   Skills:
 + Level 4.1 Fighting
 - Level 3.1 Axes
 * Level 4.1 Dodging


You had 3 spell levels left.
You didn't know any spells.
Your spell library was empty.

Dungeon Overview and Level Annotations

Branches:
Dungeon (2/15)

Altars:


Innate Abilities, Weirdness & Mutations

You are mostly covered in molten scales. (AC +3)
You have a small tail.


Message History

Unknown command.
You hit the gnoll bouda but do no damage.
The gnoll bouda is almost dead.
The gnoll hits you but does no damage.
The gnoll bouda hits you but does no damage.
You hit the gnoll bouda.
The gnoll bouda is almost dead.
The gnoll barely misses you.
The gnoll bouda utters an invocation to its god.
The gnoll bouda is healed somewhat.
It was a potion of curing.
You feel better. The gnoll misses you.
The gnoll bouda hits you with a +0 club.
* * * LOW HITPOINT WARNING * * *
You hit the gnoll bouda.
The gnoll bouda is almost dead.
The gnoll hits you but does no damage. The gnoll bouda misses you.
You slash the gnoll bouda!
You kill the gnoll bouda!
The gnoll closely misses you.
Your Fighting skill increases to level 4!
Your Dodging skill increases to level 4!
The gnoll hits you with a +0 spear.
* * * LOW HITPOINT WARNING * * *
Things that are here:
a +0 club; a +0 leather armour You hit the gnoll but do no damage.
The gnoll hits you but does no damage. The gnoll misses you.
You completely miss the gnoll. The gnoll hits you but does no damage.
You hit the gnoll but do no damage. You tail-slap the gnoll.
The gnoll is lightly wounded.
The gnoll hits you with a +0 spear.
* * * LOW HITPOINT WARNING * * *
You barely miss the gnoll.
The gnoll is lightly wounded.
The gnoll is no longer moving quickly.
The gnoll hits you with a +0 spear.
* * * LOW HITPOINT WARNING * * *
You hit the gnoll. You tail-slap the gnoll.
The gnoll is moderately wounded.
The gnoll hits you with a +0 spear.
You die...

.......# ######>......#
#.....# #####.....#
#.....# #.........#
#.....#########.##.######
####).).....##...#.#
#......†...##.###.#
#.##...g.g.##.....# ...
###'###g#..g#### ... #.#
#.#.#@# ... #.###.#g#)#
.. .(##..#.#)# ..
###.......# #.####### #.
#. #


You could see a gnoll.

Vanquished Creatures
  A gnoll bouda (D:2)
  2 adders (D:2)
  3 gnolls (D:2)
  A worm (D:2)
  3 dart slugs (D:1)
  3 bats
  2 endoplasms
  A giant cockroach (D:1)
  5 goblins
  4 hobgoblins
  6 jackals (D:1)
  2 quokkas
  2 ball pythons (D:1)
  A frilled lizard (D:2)
  2 kobolds
  A rat (D:1)
39 creatures vanquished.

Notes
Turn   | Place    | Note
-------+----------+-------------------------------------------
     0 | D:1      | innerfire43 the Demonspawn Monk began the quest for the
                  | Orb.
     0 | D:1      | Reached XP level 1. HP: 18/18 MP: 1/1
   173 | D:1      | Gained mutation: You are partially covered in molten
                  | scales. (AC +2) [demonic ancestry]
   173 | D:1      | Reached XP level 2. HP: 19/24 MP: 2/2
   577 | D:1      | Gained mutation: You have a small tail. [demonic ancestry]
   577 | D:1      | Reached XP level 3. HP: 29/29 MP: 3/3
  1457 | D:2      | Gained mutation: You are mostly covered in molten scales.
                  | (AC +3) [demonic ancestry]
  1457 | D:2      | Reached XP level 4. HP: 25/37 MP: 4/4
  1517 | D:2      | Slain by a gnoll

Illustrated notes

Levels and vault maps discovered:
D:1:      ldierk_walled_garden, layout_basic
D:2:      layout_basic, ebering_ecumenical_altar_hall

Skill      XL: |  1  2  3  4 |
---------------+-------------+-----
Axes           | 3 |  3.1
Dodging        | 3 4 |  4.1
Fighting       | 4 |  4.1

Action                     |  1- 3 |  4- 6 || total
---------------------------+-------+-------++-------
  Melee: Hand axe          |   135 |    32 ||   167
         Tailslap          |     6 |     8 ||    14
    Use: Potion            |       |     2 ||     2
 Armour: Robe              |    21 |    20 ||    41
  Dodge: Dodged            |    90 |    39 ||   129

Table legend: (Time is in decaauts)
 A = Elapsed time spent in this place.
 B = Non-inter-level travel time spent in this place.
 C = Inter-level travel time spent in this place.
 D = Time resting spent in this place.
 E = Time spent auto-exploring this place.
 F = Levels seen in this place.
 G = Mean time per level.
                   A        B        C        D        E       F      G
               +--------+--------+--------+--------+--------+-----+--------+
         Total |   1541 |   1485 |     56 |      0 |   1148 |   2 |  770.5 |
       Dungeon |   1541 |   1485 |     56 |      0 |   1148 |   2 |  770.5 |
               +--------+--------+--------+--------+--------+-----+--------+

Top non-repeatable levels by time:
     D:1: 967 daAuts
     D:2: 574 daAuts
